[Event "Hungarian U20 Junior-ch Men 2024"]
[Site "Budapest"]
[Date "2024.03.17"]
[Round "7.1"]
[White "Bodrogi, Bendeguz"]
[Black "Karacsonyi, Gellert"]
[Result "1-0"]
[ECO "D02"]
[WhiteElo "2316"]
[BlackElo "2386"]
[Annotator "TA"]
[PlyCount "119"]
[EventDate "2024.03.10"]
[EventType "tourn"]
[EventCountry "HUN"]
[SourceTitle "playchess.com"]
[Source "ChessBase"]
[SourceQuality "1"]
[TimeControl "40/5400+30:1800+30"]

1. d4 d5 2. Nf3 Nf6 3. g3 e6 4. Bg2 Be7 5. O-O O-O 6. c4 c6 7. Nc3 a5 8. Nd2 b5 9. cxb5 cxb5 {[%emt 0:00:06] Die Stellung ist ausgeglichen.} 10. Nxb5 Qb6 11. a4 Nc6 12. e4 Ba6 13. exd5 $1 exd5 14. Nb1 $1 Na7 15. Re1 Bb4 (15... Bxb5 $14 16. Rxe7 (16. axb5 Bb4 $11) 16... Nc6) 16. N5c3 $16 Nc6 17. Bg5 (17. Be3 $16) 17... Qxd4 $11 18. Be3 (18. Na3 {ist vielschichtiger.} Ng4 19. Qxd4 Nxd4 20. Bxd5 Rac8 21. Re4) 18... Qxd1 19. Rxd1 Rad8 20. Nxd5 (20. Bxd5 Nxd5 21. Rxd5 Bc4 22. Rxd8 Rxd8 $11) 20... Nxd5 21. Rxd5 Rxd5 22. Bxd5 Ne5 23. Na3 Rd8 24. Be4 Ng4 25. Nc2 Bd2 ({Besser ist} 25... Nxe3 $14 26. Nxb4 (26. Nxe3 g6 $11) 26... axb4 27. fxe3 g6) 26. Bb6 $16 Rb8 27. Rd1 Rxb6 28. Rxd2 g6 {[%emt 0:00:04] [#]} 29. Rd8+ (29. Nd4 $1 $16) 29... Kg7 $11 30. Ra8 f5 31. Ra7+ Kh6 32. Bf3 Ne5 (32... Bc4 $11) 33. Bd5 ({Vorzuziehen ist} 33. Bd1 $16) 33... Bd3 (33... Rxb2 $11 34. Rxa6 Rxc2) 34. Ne3 Rxb2 35. h3 {[%emt 0:02:08][%cal Oa7e7] Zielt auf Re7! ab.} Be4 (35... Be2 $1 $11 {und Schwarz ist OK.}) 36. Bxe4 $18 (36. Rxa5 Nf3+ (36... Rb1+ 37. Nf1 $11) 37. Kg2 Nd2+ 38. Kh2 (38. Bxe4 Nxe4 39. Nxf5+ gxf5 $11) 38... Nb3 39. Bxb3 Rxb3 $15) 36... fxe4 37. Rxa5 $2 {[%emt 0:00:43][%mdl 4096] Endspiel. KRN-KRN} (37. Kg2 $16) 37... Nf3+ $11 38. Kg2 Ne1+ 39. Kf1 Nf3 {[%emt 0:00:05] ( -> ...Rb1+)} 40. h4 Kg7 $1 41. Ra7+ Kg8 42. Nd5 {[%emt 0:04:13] Nf6+ ist eine echte Drohung.} Rb1+ 43. Kg2 {[%emt 0:00:14] Droht stark Nf6+.} Rg1+ 44. Kh3 {[%emt 0:00:13] Schwarz muss nun Nf6+ beachten.} h5 $1 45. Nf6+ Kf8 46. g4 $1 ({Viel schwächer wäre} 46. Nxe4 Ne1 47. Ra8+ Kg7 48. Ra7+ Kf8 $11) 46... hxg4+ 47. Nxg4 g5 $1 48. hxg5 Nxg5+ 49. Kh4 {[%emt 0:00:09] Weiß steht aktiver.} Nf3+ 50. Kh5 Rh1+ (50... Nd4 $142) 51. Kg6 $16 Rg1 (51... Ke8 $16 {war angesagt.} 52. Kf5 Re1) 52. Kf5 $18 Nd4+ $2 {[%emt 0:05:04] [#]} (52... Rc1 53. Kxe4 Ng5+ 54. Kd4 Rg1) 53. Kf6 $1 {[%emt 0:00:14][%cal Ra7a8] Weiß steht klar auf Gewinn.} ({Minderwertig wäre} 53. Kxe4 Rxg4+ 54. f4 Nc6 $11) 53... Ke8 54. Ne5 Kd8 55. Rd7+ Kc8 56. Rxd4 {[%emt 0:00:08] jetzt Rc4+ und aus.} Rf1 57. Ng4 e3 58. Nxe3 Rxf2+ 59. Ke5 Kc7 60. Kd5 {[%emt 0:00:48] Gewichteter Fehlerwert: Weiß=0.17 (sehr präzise) /Schwarz=0.25 (präzise) .  Gewinn verpasst:   	Weiß=1     	---        Fehler:       	Weiß=4     	Schwarz=8     Ungenau:       	Weiß=3     	Schwarz=4     OK:         	Weiß=14    	Schwarz=11    Bester:       	Weiß=10    	Schwarz=6     Stark:        	Weiß=4     	Schwarz=3} 1-0

[Event "Hungarian U20 Junior-ch Men 2024"]
[Site "Budapest"]
[Date "2024.03.17"]
[Round "7.2"]
[White "Palczert, Matyas"]
[Black "Kolimar, Kristof Pal"]
[Result "1-0"]
[ECO "C02"]
[WhiteElo "2297"]
[BlackElo "2282"]
[Annotator "TA"]
[PlyCount "73"]
[EventDate "2024.03.10"]
[EventType "tourn"]
[EventCountry "HUN"]
[SourceTitle "playchess.com"]
[Source "ChessBase"]
[SourceQuality "1"]
[TimeControl "40/5400+30:1800+30"]

1. e4 e6 2. d4 d5 3. e5 c5 4. c3 Nc6 5. Nf3 Bd7 6. Be2 Nge7 7. O-O cxd4 8. cxd4 Nf5 9. Nc3 Be7 (9... a6 $11) 10. Bd3 $14 Nh4 (10... Nfxd4 $6 11. Nxd4 Nxd4 12. Qg4 $16) 11. Nxh4 Bxh4 12. Qg4 {[%emt 0:04:07] White is slightly better.} Kf8 13. Be3 Be7 14. Rac1 h5 15. Qf3 Kg8 16. Ne2 Nb4 17. Bb1 Bb5 18. a3 Nc6 19. Rfd1 Bxe2 20. Qxe2 Qb6 21. b4 a6 22. Kh1 {[%emt 0:01:52] White is more active.} g6 23. Rg1 {[%emt 0:04:55] Hoping for g4.} Kg7 $2 {[%emt 0:01:41] [#] Black cannot hold the game after this.} (23... Nxd4 $2 24. Qd3 $18) (23... Qd8 $14) 24. g4 $1 $18 hxg4 {[%emt 0:00:37] [#]} (24... Nxd4 25. Qd3 (25. gxh5 $2 Nxe2 26. Bxb6 Nxc1 $19) 25... Qd8 26. Bxd4 (26. Qxd4 a5 $18)) 25. Bxg6 $1 ({Weaker is} 25. Qxg4 Rh4 26. Qf3 Rah8 $17 (26... Nxd4 27. Qd1 $16)) (25. Rxg4 Rh4 $11) 25... Qd8 $2 {[%emt 0:21:36] [#]} (25... fxg6 26. Qxg4 (26. Rxg4 $2 {too greedy.} Raf8 $19) 26... g5 27. Bxg5 Kf7) 26. Bh5 $1 {[%emt 0:04:37][%mdl 512] A strong pair of Bishops.} Rh7 (26... Rxh5 27. Qxg4+) 27. Qxg4+ Kh8 {[%emt 0:00:03] [#]} 28. Bh6 $1 Qg8 {[%emt 0:00:16] Inhibits Bg7+.} 29. Qf4 Qe8 30. Rcd1 {[%emt 0:01:12][%cal Bc1d1,Bd1d3,Bd3g3][%mdl 32] White threatens Rd3 and mate.} Rc8 31. Rd3 {[%emt 0:01:01] Threatening mate with Rh3.} Nxe5 32. dxe5 {[%emt 0:01:16] White mates.} Rc4 33. Qg3 Bh4 34. Bg7+ Kg8 35. Bf6+ Bxg3 36. Rdxg3+ Kf8 37. Rg8# {[%emt 0:00:08] Weighted Error Value: White=0.03 (flawless) /Black=0.51.  Loses game:     	---       	Black=1      Mistake:       	---       	Black=1      Inaccurate:     	White=1     	Black=1      OK:         	White=8     	Black=7      Strong:       	White=2     	---} 1-0

[Event "Hungarian U20 Junior-ch Men 2024"]
[Site "Budapest"]
[Date "2024.03.17"]
[Round "7.3"]
[White "Tancsa, Tamas"]
[Black "Juhasz, Agoston"]
[Result "0-1"]
[ECO "B51"]
[WhiteElo "2273"]
[BlackElo "2406"]
[Annotator "TA"]
[PlyCount "78"]
[EventDate "2024.03.10"]
[EventType "tourn"]
[EventCountry "HUN"]
[SourceTitle "playchess.com"]
[Source "ChessBase"]
[SourceQuality "1"]
[TimeControl "40/5400+30:1800+30"]

1. e4 c5 2. Nf3 d6 3. Bb5+ Nd7 4. O-O a6 5. Bd3 Ngf6 6. Re1 e6 7. c3 Be7 8. Bc2 {[%emt 0:01:32] The position is equal.} b5 9. a4 Bb7 10. d4 cxd4 11. Nxd4 bxa4 12. f3 O-O 13. Rxa4 Qc7 14. Qe2 Rfe8 15. Nd2 g6 16. f4 {[%emt 0:07:05] Black continues to play with concentration.} ({White should try} 16. Rc4 $15 Qb8 17. Ra4) 16... Nc5 17. Ra3 (17. Ra1 $142) 17... e5 $17 18. N4f3 (18. N4b3 $17) 18... exf4 $19 19. b4 Ncd7 ({Better is} 19... Ne6 $19 20. Kh1 a5) 20. Nb3 (20. Qc4 $17 Bd8 21. Qxc7 Bxc7 22. h3) 20... Bf8 21. Bxf4 Nxe4 22. Nbd4 (22. Bxe4 {was necessary.} Rxe4 23. Qd2) 22... Ndf6 23. Qd3 Nh5 24. Bc1 d5 25. h3 (25. Be3 $142) 25... Bd6 26. Ne2 Re7 {[%emt 0:01:29][%cal Od5d4] aiming for ...d4!} 27. Bb3 Rae8 28. Rd1 $2 {[%emt 0:00:43] [#]} (28. Ba4 Rd8 29. Bc2) 28... Bc5+ {[%emt 0:06:58] Black is clearly winning.} 29. Ned4 Bb6 30. Ba4 Rc8 31. Re1 Qg3 ({Weaker is} 31... Nxc3 32. Rxe7 Qxe7 33. Rxc3 $11) 32. Be3 {[%emt 0:00:28] Inhibits Qf2+.} Nf4 {[%emt 0:02:41] Prevents Ne2.} 33. Bxf4 Qxf4 34. Rf1 Ng3 35. Rd1 Re3 36. Qd2 Ne4 37. Qc1 Nxc3 {[%emt 0:00:53] ( -> ...Ne2+)} 38. Qd2 Nxd1 39. Bxd1 {[%emt 0:00:13] [#]} Rxf3 $1 {[%emt 0:00:30] Weighted Error Value: White=0.94/Black=0.27 (precise) .  Mistake:       	White=7     	Black=1      Inaccurate:     	White=1     	Black=3      OK:         	White=7     	Black=14     Best:        	White=2     	Black=1} 0-1

[Event "Hungarian U20 Junior-ch Men 2024"]
[Site "Budapest"]
[Date "2024.03.17"]
[Round "7.4"]
[White "Pasti, Aron"]
[Black "Pasztor, Balazs"]
[Result "0-1"]
[ECO "B66"]
[WhiteElo "2373"]
[BlackElo "2406"]
[Annotator "TA"]
[PlyCount "56"]
[EventDate "2024.03.10"]
[EventType "tourn"]
[EventCountry "HUN"]
[SourceTitle "playchess.com"]
[Source "ChessBase"]
[SourceQuality "1"]
[TimeControl "40/5400+30:1800+30"]

1. e4 c5 2. Nf3 d6 3. d4 cxd4 4. Nxd4 Nf6 5. Nc3 Nc6 6. Bg5 e6 7. Qd2 a6 8. O-O-O Be7 9. f3 Nxd4 10. Qxd4 O-O 11. Bc4 b5 12. Bb3 Bb7 13. h4 {[%emt 0:05:48] The position is equal.} (13. Kb1 $5) 13... Qc7 14. h5 {[%emt 0:02:38] Strongly threatening h6.} h6 15. Bh4 Rac8 (15... Rfb8 $5) 16. g4 {[%emt 0:09:27] [#]} d5 $1 17. exd5 Nxd5 18. Bxd5 Bc5 19. Qe4 exd5 20. Nxd5 Qc6 21. Nc3 (21. Qf5 $11 {keeps the balance.}) 21... Rfe8 $17 22. Qxc6 Bxc6 {[%emt 0:00:19] This pair of bishops is nice.} 23. Rhf1 ({White should try} 23. Rd3) 23... b4 $1 $36 {[%emt 0:03:52][%mdl 2048] Black has strong initiative.} 24. Nd5 {[%emt 0:01:10] [#]} (24. Ne4 $17 Bxe4 25. fxe4 Rxe4 26. Rd7) 24... Re5 $1 $19 25. c4 {[%emt 0:02:13] [#]} Bxd5 $1 26. f4 $2 ({Of course not} 26. Rxd5 Rxd5 27. cxd5 Bf2+ 28. Kd2 Bxh4 $19) (26. cxd5 Bf2+ 27. Kb1 Bxh4 28. d6) 26... Be3+ {[%emt 0:00:32] Black is clearly winning.} 27. Kb1 Be4+ 28. Ka1 Ree8 {[%emt 0:00:42] Weighted Error Value: White=0.50/Black=0.07 (flawless) .  Mistake:       	White=4     	---        Inaccurate:     	White=3     	Black=2      OK:         	White=7     	Black=8      Best:        	White=1     	---        Strong:       	---       	Black=3} 0-1

[Event "Hungarian U20 Junior-ch Men 2024"]
[Site "Budapest"]
[Date "2024.03.17"]
[Round "7.5"]
[White "Gombocz, Ferenc Jr."]
[Black "Szikszai, Bertalan"]
[Result "1-0"]
[ECO "A20"]
[WhiteElo "2351"]
[BlackElo "2312"]
[Annotator "TA"]
[PlyCount "131"]
[EventDate "2024.03.10"]
[EventType "tourn"]
[EventCountry "HUN"]
[SourceTitle "playchess.com"]
[Source "ChessBase"]
[SourceQuality "1"]
[TimeControl "40/5400+30:1800+30"]

1. c4 e5 2. g3 Nf6 3. Bg2 c6 4. d4 e4 5. Nc3 d5 6. a3 {[%emt 0:01:24] A20: English Opening: 1...e5.} h6 7. f3 exf3 8. Nxf3 dxc4 9. e4 Be6 10. O-O Be7 11. h3 $146 ({Predecessor:} 11. Nh4 Bg4 12. Bf3 Bh3 13. Bg2 Bg4 14. Qd2 O-O 15. h3 Be6 16. Nf5 Bxf5 17. Rxf5 {1-0 Boesenberg,E (2460)-Roberts,A (2312) Champion's League 2021/C7 email}) 11... O-O 12. Kh2 Qa5 13. Nh4 Rd8 14. Be3 Nbd7 15. Qe2 Nf8 16. Nf5 Bxf5 17. Rxf5 Qb6 18. Raf1 Ne6 (18... Ng6 $142 19. e5 (19. Qxc4 Qxb2 20. Bc1 $16)) 19. d5 ({Weaker is} 19. Qxc4 Qxb2 20. Nd1 Qxa3 $16) 19... Nd4 20. Qxc4 c5 {[%emt 0:00:50] [#]} 21. Bxd4 $1 cxd4 22. Na4 Qa6 23. Qxa6 bxa6 {[%emt 0:00:02] [#]} 24. d6 $1 (24. e5 Nxd5 25. Rxf7 Bf6 $16) 24... Bxd6 25. e5 Rac8 26. exf6 Rc4 27. b3 Rc2 28. Rd5 Bxg3+ 29. Kxg3 Rxg2+ 30. Kxg2 Rxd5 31. fxg7 Rg5+ 32. Kh2 Re5 33. Rf3 Kxg7 34. Rd3 Re4 35. Nc5 Re5 36. Nxa6 Ra5 37. Nb4 Rxa3 38. Kg3 a5 39. Nc2 Ra2 40. Nxd4 a4 41. bxa4 Rxa4 $2 (41... Kg6 42. Nc6 Rxa4 43. Rd6+ Kg7) 42. Ne2 $18 Rb4 43. Nf4 Rb5 44. Rd4 Kf6 45. Rd5 Rb1 46. Ra5 Rg1+ 47. Kh4 Rb1 48. Nh5+ Kg6 49. Ra6+ Kh7 50. Ra4 Kg8 $2 (50... Rb6 51. Rg4 Kh8) 51. Rg4+ $18 Kf8 52. Nf6 Rb5 53. Nh7+ Ke7 54. Re4+ Kd6 55. Nf6 Rb3 56. Re8 Rf3 57. Ng4 h5 58. Nh6 (58. Kxh5 Rxh3+ 59. Kg5 Rg3 $14) 58... f6 59. Nf7+ Kd5 60. Nh8 Kd4 61. Ng6 Kd5 62. Re1 Kd6 63. Re4 Ra3 64. Nf4 f5 65. Re6+ Kd7 66. Re5 ({Stronger than} 66. Kxh5 Rf3 $11) 1-0

[Event "Hungarian U20 Junior-ch Men 2024"]
[Site "Budapest"]
[Date "2024.03.18"]
[Round "8.1"]
[White "Karacsonyi, Gellert"]
[Black "Szikszai, Bertalan"]
[Result "1-0"]
[ECO "B90"]
[WhiteElo "2386"]
[BlackElo "2312"]
[Annotator "RC"]
[PlyCount "120"]
[EventDate "2024.03.10"]
[EventType "tourn"]
[EventCountry "HUN"]
[SourceTitle "playchess.com"]
[Source "ChessBase"]
[SourceQuality "1"]
[TimeControl "40/5400+30:1800+30"]

1. e4 c5 2. Nf3 d6 3. d4 cxd4 4. Nxd4 Nf6 5. Nc3 a6 6. Rg1 b5 7. a4 b4 8. Nd5 e6 9. Nxf6+ Qxf6 10. Be3 Bb7 11. Qd2 Nd7 12. Qxb4 Rb8 13. Qd2 Be7 14. f3 O-O 15. g4 Qh4+ 16. Qf2 d5 17. exd5 Bxd5 18. Qxh4 Bxh4+ 19. Bf2 Be7 20. b3 Bb4+ 21. Ke2 e5 22. Nf5 Rfc8 23. Ne3 Be6 24. Bg2 Bc5 25. Rgc1 Bd4 26. Rab1 Rc7 27. Nd1 Rbc8 28. Kd2 Nc5 29. Bxd4 exd4 30. Bf1 a5 31. Nf2 Bxb3 32. cxb3 Nxb3+ 33. Rxb3 Rxc1 34. Rb8 Rxb8 35. Kxc1 Rb3 36. Be2 Kf8 37. Bd1 Rc3+ 38. Kd2 Ke7 39. Ne4 Ra3 40. Nc5 Kf6 41. Nb7 Ke5 42. Nxa5 Kd5 43. h4 h6 44. h5 f6 45. Nb7 Ra2+ 46. Bc2 Ke5 47. Nc5 Kf4 48. Kc1 Ra3 49. Bb3 Ra1+ 50. Kb2 Rf1 51. a5 Rf2+ 52. Bc2 Re2 53. a6 Re7 54. Be4 Ke3 55. Kb3 d3 56. Nxd3 Kd4 57. Nb4 Kc5 58. Kc3 Rc7 59. Bb7 Kb5+ 60. Kd4 Rc4+ 1-0

[Event "Hungarian U20 Junior-ch Men 2024"]
[Site "Budapest"]
[Date "2024.03.18"]
[Round "8.2"]
[White "Pasztor, Balazs"]
[Black "Gombocz, Ferenc Jr."]
[Result "1/2-1/2"]
[ECO "C93"]
[WhiteElo "2406"]
[BlackElo "2351"]
[Annotator "TA"]
[PlyCount "129"]
[EventDate "2024.03.10"]
[EventType "tourn"]
[EventCountry "HUN"]
[SourceTitle "playchess.com"]
[Source "ChessBase"]
[SourceQuality "1"]
[TimeControl "40/5400+30:1800+30"]

1. e4 e5 2. Nf3 Nc6 3. Bb5 a6 4. Ba4 Nf6 5. O-O Be7 6. Re1 b5 7. Bb3 d6 8. c3 O-O 9. h3 h6 {[%emt 0:00:06] 9...Bb7 ist aktuell in Mode.} 10. d4 Re8 11. a3 {[%emt 0:00:51] C93: Spanische Partie (Smyslow-Variante).} Bf8 12. Ba2 Bb7 13. d5 Ne7 14. b3 c6 15. c4 cxd5 16. cxd5 Nh7 $146 ({Predecessor:} 16... a5 17. Nc3 b4 18. Nb5 Qb8 19. a4 Nd7 20. Nd2 Ng6 21. Nc4 Ba6 22. h4 Nc5 {½-½ Lagarde,M (2579)-Erdos,V (2583) Mitropa Cup Mali Losinj 2023 (4.1)}) 17. Nc3 f5 18. exf5 Nf6 19. b4 Nxf5 20. Qd3 Qd7 21. Bb2 Ne7 22. Rad1 g6 23. Nh4 g5 24. Nf3 Bg7 25. Ne4 Nxe4 $1 26. Qxe4 Qf5 $1 27. Qe3 Qf7 28. Qd2 Ng6 29. Nh2 Nf4 30. Nf1 Bc8 31. Ng3 Rf8 32. Re3 Bxh3 33. gxh3 Qd7 $2 (33... Nxh3+ $11 34. Kg2 Qd7) 34. Ne4 $16 Nxh3+ 35. Kh2 g4 $2 (35... Nf4 $16) 36. Rxh3 $18 gxh3 37. Rg1 Rf3 $2 (37... Kh8 38. Qd3 Qe7) 38. Qxh6 Raf8 39. Qe6+ (39. Qxd6 $2 Rxf2+ 40. Nxf2 Rxf2+ (40... Qxd6 $2 41. Ne4 $19) 41. Kg3 Qxd6 $19) 39... R8f7 40. Rg3 (40. Qxd6 $2 Rxf2+ 41. Kh1 Qxd6 (41... Rxb2 42. Nf6+ Rxf6 43. Qxd7 Rg2 44. d6+ Kh8 45. Qxh3+ Rh6 46. Kxg2 Rxh3 47. Kxh3) 42. Nxd6 Rxb2 $17) 40... R3f4 41. Qxd7 ({Jedoch nicht} 41. Nxd6 Rxf2+ 42. Kxh3 Qxe6+ 43. dxe6 Re7) 41... Rxd7 42. f3 Kf8 43. Kxh3 (43. Bb1 $142) 43... Bh6 $18 44. Kg2 Rf5 (44... Rh4 $16) 45. Bb1 $18 Bf4 46. Nf2 (46. Nc5 $18 {bietet bessere Gewinnchancen.} dxc5 47. Bxf5 Rxd5 48. Bc3 (48. Rg8+ Kf7 $16)) 46... Rh5 $16 47. Rh3 (47. Rg6 $16) 47... Rg7+ $11 48. Ng4 Rxh3 49. Kxh3 Rc7 50. Be4 Ke7 51. Kg2 Bd2 52. Bf5 Rc4 53. Bd3 Rc7 54. Be4 Rc8 55. Kf1 Bc1 56. Bf5 Rc7 57. Bxc1 Rxc1+ 58. Ke2 Rc3 59. Ne3 Rxa3 ({Nur nicht} 59... Kf6 $2 60. Be6 $18) 60. Bg4 Kd8 61. Nf5 Kc7 62. Ng7 Kd8 63. Nf5 Kc7 64. Ng7 Kd8 65. Nf5 1/2-1/2

[Event "Hungarian U20 Junior-ch Men 2024"]
[Site "Budapest"]
[Date "2024.03.18"]
[Round "8.3"]
[White "Juhasz, Agoston"]
[Black "Pasti, Aron"]
[Result "1-0"]
[ECO "C50"]
[WhiteElo "2406"]
[BlackElo "2373"]
[Annotator "RC"]
[PlyCount "197"]
[EventDate "2024.03.10"]
[EventType "tourn"]
[EventCountry "HUN"]
[SourceTitle "playchess.com"]
[Source "ChessBase"]
[SourceQuality "1"]
[TimeControl "40/5400+30:1800+30"]

1. e4 e5 2. Nf3 Nc6 3. Bc4 Nf6 4. d3 Bc5 5. Bg5 h6 6. Bh4 g5 7. Bg3 d6 8. c3 a6 9. Nbd2 Ba7 10. a4 Qe7 11. b4 Be6 12. O-O Nd8 13. Re1 Bxc4 14. Nxc4 Nh5 15. d4 Nxg3 16. hxg3 f6 17. b5 Ne6 18. Rb1 axb5 19. Rxb5 Nd8 20. Ne3 Qe6 21. a5 Kf7 22. Qd3 Kg6 23. Rd1 c6 24. Rb2 Bb8 25. d5 Qe7 26. Nc4 Ra6 27. Ne1 Bc7 28. Ra1 b5 29. Ne3 Rxa5 30. Nf5 Qf7 31. Rxa5 Bxa5 32. Ra2 Bb6 33. g4 h5 34. gxh5+ Rxh5 35. Ra6 Qb7 36. Ra1 Bc5 37. dxc6 Nxc6 38. Qd5 Qh7 39. Ng3 Ne7 40. Qe6 Rh6 41. Nd3 Qf7 42. Qd7 Rh7 43. Nxc5 dxc5 44. Ra7 Qg8 45. Qxb5 Qc8 46. Qb6 Qc6 47. Qd8 Qc8 48. Qd6 Qc6 49. Qd8 Qc8 50. Qd1 Qe6 51. Rc7 c4 52. Qa4 Rh8 53. Qa7 Re8 54. Rd7 g4 55. Qc7 Kg5 56. Rd6 Qc8 57. Qb6 Rf8 58. Qe3+ Kg6 59. Qe2 Kg5 60. Qd2+ Kg6 61. Qd1 Kg5 62. Qc1+ Kg6 63. Qd1 Kg5 64. Rd7 Re8 65. Qd2+ Kg6 66. Qd1 Kg5 67. Qd2+ Kg6 68. Qd6 Qc6 69. Nf5 Qxe4 70. Nxe7+ Kg5 71. Qd2+ Qf4 72. Qxf4+ exf4 73. Rd5+ Kh6 74. Nf5+ Kg6 75. Kf1 Ra8 76. Nh4+ Kf7 77. Ke2 Ra2+ 78. Rd2 Ra3 79. Rc2 Ra5 80. Rb2 Re5+ 81. Kf1 Rh5 82. g3 f3 83. Rb7+ Ke6 84. Rb6+ Kf7 85. Rb7+ Ke6 86. Rb6+ Kf7 87. Rc6 Ra5 88. Ke1 f5 89. Rxc4 Ke6 90. Rf4 Ra1+ 91. Kd2 Ra2+ 92. Ke3 Re2+ 93. Kd3 Rxf2 94. Nxf5 Rg2 95. Ne3 Rxg3 96. Rxg4 Rh3 97. Rf4 Ke5 98. Rf5+ Ke6 99. Ke4 1-0

[Event "Hungarian U20 Junior-ch Men 2024"]
[Site "Budapest"]
[Date "2024.03.18"]
[Round "8.4"]
[White "Kolimar, Kristof Pal"]
[Black "Tancsa, Tamas"]
[Result "1/2-1/2"]
[ECO "A40"]
[WhiteElo "2282"]
[BlackElo "2273"]
[Annotator "RC"]
[PlyCount "122"]
[EventDate "2024.03.10"]
[EventType "tourn"]
[EventCountry "HUN"]
[SourceTitle "playchess.com"]
[Source "ChessBase"]
[SourceQuality "1"]
[TimeControl "40/5400+30:1800+30"]

1. d4 Nf6 2. c4 e6 3. g3 Bb4+ 4. Bd2 c5 5. Bxb4 cxb4 6. Bg2 O-O 7. e3 d6 8. Ne2 e5 9. O-O Nc6 10. a3 Qc7 11. h3 Rd8 12. axb4 Nxb4 13. Qb3 a5 14. Na3 Be6 15. Rfc1 Rac8 16. Qd1 b6 17. g4 Qe7 18. d5 Bd7 19. Ng3 h6 20. Rc3 Rc5 21. Nb1 Rdc8 22. Nd2 g6 23. Bf1 Kh7 24. Qf3 Rf8 25. Nde4 Nxe4 26. Nxe4 Rc7 27. Qf6 Qxf6 28. Nxf6+ Kg7 29. Ne4 f5 30. Nxd6 Rf6 31. Nb5 Bxb5 32. cxb5 Rd7 33. Rac1 Rfd6 34. Rc8 Nxd5 35. Rb8 Ne7 36. Bc4 e4 37. b3 Rc7 38. gxf5 gxf5 39. Kh2 Ng6 40. Rg1 Kf6 41. Rg8 Rg7 42. Re8 Rgd7 43. Rg3 Rd8 44. Rxd8 Rxd8 45. f4 Rd2+ 46. Rg2 Rxg2+ 47. Kxg2 h5 48. Kf2 h4 49. Ke2 Ke7 50. Kd2 Kd6 51. Kc3 Kc5 52. Be6 Ne7 53. Bd7 Kd6 54. Be8 Kc5 55. Bd7 Kd5 56. Be8 Nc8 57. Bd7 Nd6 58. Kc2 Kc5 59. Kd2 Kb4 60. Kc2 Ka3 61. Kc3 Ka2 1/2-1/2

[Event "Hungarian U20 Junior-ch Men 2024"]
[Site "Budapest"]
[Date "2024.03.18"]
[Round "8.5"]
[White "Bodrogi, Bendeguz"]
[Black "Palczert, Matyas"]
[Result "0-1"]
[ECO "A04"]
[WhiteElo "2316"]
[BlackElo "2297"]
[Annotator "TA"]
[PlyCount "84"]
[EventDate "2024.03.10"]
[EventType "tourn"]
[EventCountry "HUN"]
[SourceTitle "playchess.com"]
[Source "ChessBase"]
[SourceQuality "1"]
[TimeControl "40/5400+30:1800+30"]

1. Nf3 c5 2. g3 Nc6 3. Bg2 g6 4. c3 e5 5. d4 cxd4 6. cxd4 e4 7. Ne5 d5 8. Nxc6 {[%emt 0:15:23] The position is equal.} bxc6 9. Nd2 Bg7 10. Nb3 Nf6 11. Bd2 O-O 12. Qc1 Qb6 13. O-O a5 $1 14. Qc5 Qxc5 15. Nxc5 Nd7 16. Nxd7 Bxd7 17. Bc3 c5 18. Rad1 (18. dxc5 $15 Bxc3 19. bxc3) 18... c4 $17 19. f3 f5 20. g4 Rfe8 (20... fxg4 21. fxe4 dxe4 22. Bxe4 $16) 21. gxf5 Bxf5 22. b3 (22. a4 $142) 22... cxb3 23. axb3 h5 (23... Reb8 $17 24. Rb1 (24. fxe4 dxe4 25. Rb1 Rc8 $17) 24... Rc8 25. fxe4 dxe4 (25... Rxc3 26. exf5 Bxd4+ 27. Kh1 $14)) 24. e3 $15 Bh6 {[%emt 0:00:41] [#] White must now prevent ...Reb8.} 25. f4 (25. Bd2 $1 $15) 25... Reb8 26. Rb1 Bf8 27. Rfc1 Ba3 $36 {[%emt 0:02:33][%mdl 2048] Black is in control.} 28. Rf1 (28. Bb2 $142 Bd6 (28... Rxb3 29. Bxa3 Rxa3 30. Rb7 $11) 29. Bc3) 28... Rc8 $17 29. Be1 {[%emt 0:00:46] White is weak on the light squares} (29. Bd2 $17) 29... Rc1 ({Much less strong is} 29... Bc1 30. Bf2 Bd2 31. Rb2) 30. Bd2 Rc2 31. Rf2 Rac8 {[%emt 0:04:58] Black has more active pieces.} 32. Bxa5 $2 {[%emt 0:03:28][%mdl 8192] White does not recover from this.} (32. Ra1 $17 {is a better defense.} Be7 33. Bf1) 32... Bc1 $19 33. Rxc1 Rxc1+ {[%emt 0:00:06] Black is clearly winning.} 34. Rf1 R1c2 35. Rf2 Rxf2 36. Kxf2 {[%emt 0:00:04][%mdl 4096] Endgame. KRB-KB} Rc2+ 37. Kf1 Bg4 38. h4 (38. Be1 $142 Bf3 39. Bh3 Rxh2 40. Be6+ Kg7 41. Kg1 Rh1+ 42. Kf2) 38... Re2 39. b4 Rxe3 {[%emt 0:00:27] Strongly threatening ...Rb3.} 40. Bc7 Rb3 41. Bd6 Kf7 {[%emt 0:00:38] [#] Threatens to win with ...Ke6.} 42. Kg1 Ke6 {[%emt 0:00:10] Weighted Error Value: White=0.58/Black=0.06 (flawless) .  Loses game:     	White=1     	---        Mistake:       	White=6     	Black=1      Inaccurate:     	---       	Black=2      OK:         	White=6     	Black=13     Best:        	White=2     	Black=6      Strong:       	---       	Black=1} 0-1